Map: Magannatha LE

Players

ManlyManMeat - Winner!

  • Race: Zerg Zerg
  • Spawn Location: 5:00

Bassist

  • Race: Protoss Protoss
  • League: Master
  • Spawn Location: 11:00

VOD

Have the link to the VOD?

Description

Time

  • Played on: May 16, 2025, 12:53 p.m.
  • Length: 18:40
Show
View Real Time Build Order
Export as new Build Order

ManlyManMeat Zerg - Winner!

Build Orders: Hatch First, Swarm Host 

Get SALT Encoding   

  12  0:00  Drone  
  13  0:12  Overlord  
  13  0:22  Drone  
  14  0:31  Drone x2  
  16  0:38  Drone  
  17  0:51  Hatchery  
  17  0:55  Drone  
  17  0:58  Drone  
  18  1:05  Extractor  
  18  1:07  Drone  
  18  1:18  Spawning Pool  
  17  1:19  Drone  
  18  1:28  Drone  
  19  1:40  Drone  
  20  1:52  Drone  
  21  2:07  Queen x2  
  25  2:11  Zergling x2  
  25  2:12  Zergling x2  
  25  2:13  Metabolic Boost  
  27  2:19  Overlord  
  27  2:22  Drone  
  28  2:42  Zergling x4  
  28  2:43  Drone  
  31  2:44  Drone x2  
  33  2:51  Queen  
  35  3:02  Overlord  
  35  3:04  Overlord  
  35  3:08  Drone  
  35  3:09  Hatchery  
  35  3:21  Queen  
  37  3:35  Zergling x4  
  37  3:36  Zergling x4  
  37  3:37  Drone  
  37  3:38  Overlord x2  
  37  3:39  Drone  
  43  3:51  Drone  
  43  3:55  Extractor  
  43  3:56  Extractor  
  43  3:57  Drone x3  
  45  4:09  Overlord  
  45  4:12  Zergling x2  
  45  4:13  Zergling x10  
  51  4:22  Zergling x2  
  52  4:41  Drone x10  
  52  4:44  Lair  
  62  4:51  Spore Crawler  
  62  4:52  Evolution Chamber  
  60  4:53  Spore Crawler  
  60  4:55  Spore Crawler  
  60  4:56  Drone x2  
  60  5:08  Queen  
  60  5:11  Queen  
  64  5:17  Zergling x8  
  68  5:23  Zerg Melee Weapons Level 1  
  68  5:27  Evolution Chamber, Drone x2  
  69  5:38  Drone x6  
  73  6:03  Overlord x3  
  73  6:27  Zerg Ground Armor Level 1, Baneling Nest  
  72  6:33  Hydralisk Den  
  71  6:43  Extractor  
  71  6:46  Drone x4  
  71  6:47  Drone x4  
  78  7:09  Overlord x3  
  78  7:12  Centrifugal Hooks  
  78  7:17  Grooved Spines  
  78  7:18  Zergling x14  
  85  7:27  Extractor x2  
  83  7:30  Overseer  
  83  7:42  Hydralisk x4  
  83  7:43  Hydralisk  
  93  7:48  Overlord x2  
  93  7:51  Overlord x4  
  93  7:52  Hatchery  
  92  8:03  Drone x11  
  103  8:25  Zerg Missile Weapons Level 1  
  103  8:26  Muscular Augments  
  103  9:09  Hydralisk x3  
  102  9:10  Hydralisk x6, Spire  
  102  9:11  Hydralisk  
  102  9:16  Spore Crawler  
  120  9:18  Spore Crawler  
  119  9:32  Queen  
  121  9:40  Overlord x2  
  121  9:48  Zerg Ground Armor Level 2  
  121  10:20  Drone x13  
  134  10:22  Overlord x3  
  134  10:28  Hydralisk x10  
  128  10:29  Hydralisk  
  128  10:35  Overseer x2  
  150  10:37  Overseer x2  
  150  11:12  Zerg Flyer Weapons Level 1, Infestation Pit  
  149  11:23  Corruptor x12  
  173  11:27  Overseer  
  173  11:40  Overseer x2  
  173  12:15  Zerg Missile Weapons Level 2  
  173  12:25  Baneling x5  
  173  12:26  Baneling x7  
  173  12:27  Baneling  
  173  12:28  Zergling x52  
  138  13:37  Swarm Host x4, Drone  
  138  13:38  Swarm Host x7  
  172  13:44  Zerg Flyer Armor Level 1, Zerg Melee Weapons Level 2  
  172  13:46  Hive  
  162  14:10  Swarm Host x10  
  192  15:05  Overlord x4  
  184  16:23  Zergling x32  
  200  16:27  Adrenal Glands  
  198  17:14  Corruptor x3  
  196  17:44  Queen  
  198  18:10  Hatchery  
Show
View Real Time Build Order
Export as new Build Order

Bassist Protoss 

Build Orders:  

Get SALT Encoding   

  1  0:00  Probe  
  12  0:05  Probe  
  14  0:15  Probe  
  15  0:28  Pylon  
  15  0:40  Assimilator  
  15  0:43  Assimilator  
  15  0:46  Probe  
  16  0:56  Pylon  
  16  0:57  Probe  
  17  1:05  Probe  
  17  1:07  Gateway  
  18  1:23  Pylon  
  18  1:33  Probe  
  18  1:34  Forge  
  19  1:51  Probe  
  20  1:55  Gateway  
  20  2:00  Zealot  
  22  2:15  Photon Cannon  
  22  2:28  Nexus  
  22  2:34  Zealot  
  24  2:56  Zealot  
  24  2:57  Cybernetics Core  
  26  3:05  Probe  
  27  3:10  Photon Cannon  
  27  3:28  Pylon  
  27  3:32  Zealot x2  
  31  3:36  Protoss Ground Weapons Level 1  
  31  3:40  Pylon  
  31  3:43  Probe  
  31  3:47  Probe  
  34  3:55  Probe  
  34  3:59  Shield Battery  
  34  4:02  Shield Battery  
  34  4:08  Zealot  
  36  4:15  Probe  
  37  4:21  Probe  
  38  4:29  Photon Cannon  
  38  4:35  Photon Cannon  
  38  4:39  Zealot  
  38  4:43  Sentry  
  42  4:50  Warp Gate  
  42  4:57  Pylon  
  42  5:00  Probe, Pylon  
  42  5:03  Probe  
  44  5:17  Probe  
  44  5:18  Probe  
  46  5:21  Twilight Council  
  46  5:26  Pylon  
  46  5:33  Protoss Ground Armor Level 1  
  46  5:38  Stalker  
  46  5:39  Stalker  
  46  5:41  Photon Cannon  
  50  6:00  Probe  
  50  6:01  Probe  
  52  6:08  Sentry, Probe  
  52  6:09  Sentry, Probe  
  56  6:12  Charge  
  56  6:17  Probe x2  
  58  6:24  Stargate  
  60  6:29  Probe x2  
  60  6:30  Protoss Air Armor Level 1  
  62  6:41  Probe x2  
  62  6:43  Stalker x2  
  68  7:03  Gateway  
  68  7:05  Gateway  
  68  7:06  Assimilator  
  68  7:07  Pylon  
  68  7:10  Assimilator, Pylon  
  68  7:11  Pylon  
  68  7:12  Void Ray  
  68  7:13  Pylon  
  72  7:30  Protoss Shields Level 1  
  72  7:42  Photon Cannon  
  72  7:45  Photon Cannon, Zealot x2  
  72  7:50  Void Ray  
  80  8:16  Templar Archives, Zealot x4  
  88  8:30  Robotics Facility  
  92  8:37  Void Ray  
  92  9:25  Immortal  
  92  9:28  Sentry x2  
  92  9:29  Zealot x2  
  108  9:39  Void Ray  
  108  10:04  Immortal  
  111  10:31  Probe  
  112  10:43  Immortal, Probe  
  112  10:44  High Templar x2  
  112  10:45  High Templar x2  
  112  10:47  Psionic Storm  
  125  10:51  Pylon  
  125  10:53  Pylon  
  125  10:55  Probe, Pylon  
  126  11:05  Nexus  
  126  11:09  Assimilator, Probe  
  127  11:13  Assimilator  
  127  11:22  Probe  
  128  11:31  Gateway x2  
  128  11:34  Photon Cannon  
  128  11:36  Photon Cannon  
  128  11:38  Photon Cannon  
  128  11:43  Shield Battery  
  128  11:45  Shield Battery  
  128  11:47  Shield Battery  
  128  11:48  Shield Battery  
  128  11:52  Photon Cannon x2  
  128  12:10  Void Ray  
  132  12:23  Fleet Beacon  
  132  12:27  Protoss Shields Level 2  
  132  12:33  Probe  
  133  12:39  Protoss Air Weapons Level 1  
  133  12:41  Probe  
  133  12:50  Probe  
  134  12:53  Void Ray  
  125  13:03  Probe  
  81  13:15  Probe  
  81  13:17  Zealot x5  
  81  13:18  Zealot  
  94  13:30  Photon Cannon, Probe  
  94  13:33  Photon Cannon  
  99  13:36  Void Ray  
  99  13:42  Probe  
  100  13:54  Probe  
  91  14:05  Immortal  
  91  14:06  Probe, Archon x2  
  91  14:09  Zealot x4  
  100  14:10  Zealot x2  
  108  14:17  Probe  
  109  14:25  Probe  
  111  14:31  Probe x2  
  111  14:33  Probe  
  113  14:43  Probe  
  113  14:44  Probe  
  113  14:45  Probe  
  120  14:55  Probe  
  120  14:56  Probe  
  120  14:57  Carrier, Observer, Probe  
  126  15:07  Probe  
  126  15:08  Probe  
  126  15:10  Immortal  
  128  15:19  Probe  
  128  15:20  Probe  
  134  15:24  Zealot x2  
  134  15:25  Zealot x3  
  132  15:51  Carrier  
  77  16:22  Zealot x3  
  77  16:23  Zealot  
  85  16:30  Flux Vanes  
  85  16:33  Immortal  
  85  16:38  Robotics Bay  
  89  16:53  Pylon  
  89  16:55  Pylon  
  89  16:57  Pylon  
  77  17:08  Zealot x3  
  77  17:09  Zealot  
  77  17:10  Pylon  
  56  17:47  Pylon  
  56  17:50  Observer  
  57  18:05  Photon Cannon  
  57  18:08  Zealot  
  57  18:09  Zealot x3  
Tags
 
Composition
Swarm Host
League
Master
Matchup
PvZ
Spawn Locations
Cross Positions
Add a new tag
Caveats
  • Supply blocks, unpowered buildings, or Contaminate may cause inaccurate times.
  • Supply counts are checked every 10 seconds.